 Dungeon Crawl Stone Soup version 0.23-a0-78-gc252fe1 (webtiles) character file.

21 Amnesiac the Gusty (level 2, -3/19 HPs)
             Began as a Mummy Air Elementalist on Aug 10, 2018.
             Slain by a river rat (4 damage)
             ... on level 3 of the Dungeon.
             The game lasted 00:02:07 (371 turns).

Amnesiac the Gusty (Mummy Air Elementalist)          Turns: 371, Time: 00:02:08

Health: -3/19      AC:  2    Str: 11    XL:     2   Next: 65%
Magic:  5/6        EV: 12    Int: 14    God:
Gold:   0          SH:  0    Dex: 12    Spells: 6/7 levels left

rFire    x . .     SeeInvis .   c - +1 long sword (protect)
rCold    + . .     Gourm    .   (no shield)
rNeg     + + +     Faith    .   a - +0 robe
rPois    ∞         Spirit   .   (no helmet)
rElec    .         Reflect  .   (no cloak)
rCorr    .         Harm     .   (no gloves)
MR       .....                  (no boots)
Stlth    ++........             (no amulet)
HPRegen  0.06/turn              (no ring)
MPRegen  0.10/turn              (no ring)

@: very slightly contaminated
A: no food or potions, fire vulnerability, cold resistance 1, negative energy
resistance 3, torment resistance, unbreathing
a: no special abilities


You were on level 3 of the Dungeon.
You were not hungry.

You visited 1 branch of the dungeon, and saw 3 of its levels.

Inventory:

Hand Weapons
 c - a +1 long sword of protection (weapon)
Armour
 a - a +0 robe (worn)
Scrolls
 b - a scroll of teleportation {!r, unknown}
 d - a scroll of immolation {!r, unknown}
 e - a scroll of fog {!r, unknown}


   Skills:
 - Level 1.5 Dodging
 - Level 1.5 Stealth
 + Level 3.1 Spellcasting
 - Level 0.7 Conjurations
 * Level 3.1 Air Magic


You had 6 spell levels left.
You knew the following spells:

 Your Spells              Type           Power        Failure   Level  Hunger
a - Shock                 Conj/Air       #...         10%         1    N/A

Your spell library contained the following spells:

 Spells                   Type           Power        Failure   Level  Hunger
 Lightning Bolt           Conj/Air       #.........   95%         5    N/A
 Swiftness                Chrm/Air       #.......     17%         2    N/A
 Airstrike                Air            ##........   50%         4    N/A
 Static Discharge         Conj/Air       #.......     28%         3    N/A

Dungeon Overview and Level Annotations

Branches:
Dungeon (3/15)

Altars:
Nemelex Xobeh

Portals:
Sewer: D:3


Innate Abilities, Weirdness & Mutations

You do not eat or drink.
Your flesh is vulnerable to fire.
You are immune to poison.
Your flesh is cold resistant. (rC+)
You are immune to negative energy. (rN+++)
You are immune to unholy pain and torment.
You can survive without breathing.


Message History

You barely miss the hobgoblin.
The hobgoblin hits you but does no damage.
You slash the hobgoblin!
Your weapon exudes an aura of protection.
You kill the hobgoblin!
No target in view!
Found 6 gold pieces.
A giant cockroach comes into view.
The giant cockroach moves out of view.
e - a scroll labeled UZOOWU PIRR {!r} A ball python comes into view.
Found a glowing drain.
You slash the giant cockroach!
Your weapon exudes an aura of protection.
You kill the giant cockroach! 2 rats come into view.
The ball python hisses angrily.
The rat moves out of view.
A river rat comes into view.
You see here a giant cockroach corpse.
You hear the slow rusting of a drain.
You see here a giant cockroach corpse.
You barely miss the ball python. The ball python closely misses you. x2
The ball python bites you but does no damage.
The ball python grabs you. The ball python constricts you.
You hit the ball python.
Your weapon exudes an aura of protection.
You kill the ball python!
You closely miss the rat. The rat barely misses you.
You hit the rat.
The rat is moderately wounded.
The rat barely misses you. The river rat closely misses you.
The rat bites you but does no damage.
You closely miss the river rat. The river rat bites you.
The river rat closely misses you.
You riposte.
You closely miss the river rat. You hit the rat.
Your weapon exudes an aura of protection.
You kill the rat!
The river rat closely misses you.
You barely miss the river rat. The river rat bites you!
* * * LOW HITPOINT WARNING * * *
You slash the river rat!
The river rat is almost dead.
The river rat bites you but does no damage.
The river rat barely misses you.
You barely miss the river rat.
The river rat is almost dead.
The river rat bites you.
* * * LOW HITPOINT WARNING * * *
You hit the river rat but do no damage.
The river rat is almost dead.
The river rat bites you.
* * * LOW HITPOINT WARNING * * *
The river rat barely misses you.
You riposte.
You closely miss the river rat.
The river rat is almost dead.
Unknown command.
Casting: Shock (safe; 10% risk of failure)
Confirm with . or Enter, or press ? or * to list all spells.
Aiming: Shock (safe; 10% risk of failure)
Press: ? - help, Shift-Dir - straight line You miscast Shock.
You are very lightly contaminated with residual magic.
You are blasted with air!
The river rat bites you.
You die...

.# .. .## ..# #.#
#.# #.## ####
#@.# ...# ##r#
....#
#.###....#.#..##.
#........#.......
#......<.#.....r.
#>....(..#....r≈≈
##.##....#...≈≈≈≈
#..######...≈≈∩≈
.. ##.## #...≈≈≈≈


You could see a river rat.

Vanquished Creatures
  An adder (D:2)
  A dart slug (D:2)
  3 bats
  A giant cockroach (D:3)
  A hobgoblin (D:3)
  A kobold (D:2)
  A ball python (D:3)
  2 rats (D:3)
11 creatures vanquished.

Notes
Turn   | Place    | Note
-------+----------+-------------------------------------------
     0 | D:1      | Amnesiac the Mummy Air Elementalist began the quest for the Orb.
     0 | D:1      | Reached XP level 1. HP: 13/13 MP: 4/4
   126 | D:2      | Reached XP level 2. HP: 8/19 MP: 1/5
   131 | D:2      | Found a sparkling altar of Nemelex Xobeh.
   340 | D:3      | Found a glowing drain.
   371 | D:3      | Slain by a river rat

Vault maps used:
D:1:      dpeg_arrival_three_same_balls
D:2:      lemuel_doored_altar, nicolae_ru_great_annihilating_truth
D:3:      minitemple, portal_sewer_entry_a, lemuel_flame_loot_1

Skill      XL: |  1  2 |
---------------+-------+-----
Air Magic      | 3 |  3.1
Spellcasting   | 3 |  3.1
Dodging        | |  1.5
Stealth        | |  1.5
Conjurations   | |  0.7

Action                   || total
-------------------------++-------
Melee: Long sword        ||    20
 Cast: Shock             ||     7
Armor: Robe              ||    10
Dodge: Dodged            ||    20
       Rpst.: Long sword ||     4

Table legend:
 A = Non-vault XP
 B = Vault XP
 C = Vault XP percentage of total XP
 D = Non-vault monster count
 E = Vault monster count
 F = Vault count percentage of total count
 G = Total turns spent on level
                 A         B        C        D         E       F
            +---------+---------+-------+---------+---------+-------
      Total |      27 |       4 |  12.9 |       8 |       3 |  27.3
            +---------+---------+-------+---------+---------+-------
        D:2 |      22 |       0 |   0.0 |       5 |       0 |   0.0
        D:3 |       5 |       4 |  44.4 |       3 |       3 |  50.0
            +---------+---------+-------+---------+---------+-------
